MID
HICKORY CRAWDADS @ LEXINGTON LEGENDS
08/26/2045
 
TOP OF THE 1ST
Hickory Crawdads batting - Pitching for Lexington Legends : RHP Ben Garrett
Pitching: RHP Ben Garrett
Batting: RHB Luke Stark 0-0: Swinging Strike
0-1: Ground out U3 (Groundball, 3S, EV 70.6 MPH)
Batting: RHB Brian Morrison 0-0: Ball
1-0: Ball
2-0: Ball
3-0: Called Strike
3-1: Swinging Strike
3-2: Base on Balls
Batting: LHB Manuel Arguello 0-0: Ball
1-0: Ball
2-0: Ball
3-0: Base on Balls
Brian Morrison to second
Batting: RHB Andy Sheridan 0-0: Called Strike
0-1: Grounds into double play, 6-4-3 (Groundball, 56, EV 95.0 MPH)
Top of the 1st over - 0 runs, 0 hits, 0 errors, 1 left on base; Hickory 0 - Lexington 0
BOTTOM OF THE 1ST
Lexington Legends batting - Pitching for Hickory Crawdads : RHP Manny Cabrera
Pitching: RHP Manny Cabrera
Batting: RHB Doug Carter 0-0: Ball
1-0: Ball
2-0: Bunt for hit to 13S - play at first, batter OUT! 1-3
Batting: RHB Andy Urquhart 0-0: Ball
1-0: Ball
2-0: Foul Ball, location: 2F
2-1: Called Strike
2-2: Strikes out looking
Batting: RHB Pete Deschamps 0-0: Called Strike
0-1: Foul Ball, location: 2F
0-2: Ball
1-2: Ground out 6-3 (Groundball, 6, EV 105.0 MPH)
Bottom of the 1st over - 0 runs, 0 hits, 0 errors, 0 left on base; Hickory 0 - Lexington 0
TOP OF THE 2ND
Hickory Crawdads batting - Pitching for Lexington Legends : RHP Ben Garrett
Batting: RHB Bernie Varela 0-0: Called Strike
0-1: Ball
1-1: Foul Ball, location: 2F
1-2: SOLO HOME RUN (Flyball, 7D, EV 104.4 MPH), Distance : 392 ft
Batting: RHB Adryão Anto 0-0: Foul Ball, location: 2F
0-1: Ball
1-1: Foul Ball, location: 2F
1-2: Foul Ball, location: 2F
1-2: Foul Ball, location: 2F
1-2: Ball
2-2: SOLO HOME RUN (Flyball, 9D, EV 95.6 MPH), Distance : 375 ft
Batting: RHB Chris Powell 0-0: Ball
1-0: Called Strike
1-1: Ball
2-1: SINGLE (Groundball, 56D, EV 101.2 MPH)
Batting: RHB Mike Trujillo 0-0: Called Strike
Chris Powell steals 2nd base (no throw)
0-1: SINGLE (Groundball, 56D, EV 105.0 MPH)
Chris Powell to third
Runner from 3rd tries for Home, SAFE, throw by LF to home
Mike Trujillo to second
Batting: RHB Dave Brabo 0-0: Ball
1-0: Ball
2-0: Called Strike
2-1: Ball
3-1: Base on Balls
Batting: RHB Luke Stark 0-0: Ball
1-0: Ball
Wild Pitch!
Mike Trujillo to third
Dave Brabo to second
2-0: Ball
3-0: Base on Balls
Batting: RHB Brian Morrison 0-0: Called Strike
Balk!
Mike Trujillo scores
Dave Brabo to third
Luke Stark to second
0-1: Foul Ball, location: 2F
0-2: Ball
1-2: Foul Ball, location: 2F
1-2: 3-RUN HOME RUN (Flyball, 7D, EV 95.0 MPH), Distance : 373 ft
Batting: LHB Manuel Arguello 0-0: Ball
1-0: Swinging Strike
1-1: Foul Ball, location: 2F
1-2: Ground out U3 (Groundball, 3, EV 104.4 MPH)
Batting: RHB Andy Sheridan 0-0: Ball
1-0: Ball
2-0: Ball
3-0: Called Strike
3-1: Base on Balls
Batting: RHB Bernie Varela 0-0: 2-RUN HOME RUN (Flyball, 7D, EV 94.4 MPH), Distance : 373 ft
Pitching: RHP Ron Bubar
Batting: RHB Adryão Anto 0-0: Swinging Strike
0-1: Ball
1-1: Ball
2-1: SINGLE (Line Drive, 9LS, EV 88.8 MPH)
Batting: RHB Chris Powell 0-0: Called Strike
0-1: Ball
1-1: SINGLE (Line Drive, 4MD, EV 103.1 MPH)
Adryão Anto to second
Batting: RHB Mike Trujillo 0-0: Ball
1-0: Ball
2-0: Foul Ball, location: 2F
2-1: Ball
3-1: Base on Balls
Adryão Anto to third
Chris Powell to second
Batting: RHB Dave Brabo 0-0: SINGLE (Groundball, 4MD, EV 95.0 MPH)
Adryão Anto scores
Chris Powell to third
Mike Trujillo to second
Batting: RHB Luke Stark 0-0: Called Strike
0-1: Ball
1-1: Foul Ball, location: 2F
1-2: Ball
2-2: DOUBLE (Line Drive, 78XD, EV 105.6 MPH)
Chris Powell scores
Mike Trujillo scores
Dave Brabo to third
Batting: RHB Brian Morrison 0-0: Ball
1-0: Foul Ball, location: 2F
1-1: Ball
2-1: Ball
3-1: Foul Ball, location: 2F
3-2: Foul Ball, location: 2F
3-2: SINGLE (Line Drive, 56, EV 100.0 MPH)
Dave Brabo scores
Luke Stark to third
Batting: LHB Manuel Arguello 0-0: Ball
1-0: Ball
2-0: Hit by Pitch
Brian Morrison to second
Batting: RHB Andy Sheridan 0-0: Ball
Wild Pitch!
Luke Stark scores
Brian Morrison to third
Manuel Arguello to second
1-0: Ball
2-0: Foul Ball, location: 2F
2-1: SINGLE (Groundball, 5D, EV 98.1 MPH)
Brian Morrison scores
Manuel Arguello to third
Batting: RHB Bernie Varela 0-0: Ball
1-0: Foul Ball, location: 2F
1-1: Ball
2-1: Foul Ball, location: 2F
2-2: Foul Ball, location: 2F
2-2: Ball
3-2: Base on Balls
Andy Sheridan to second
Batting: RHB Adryão Anto 0-0: Foul Ball, location: 2F
0-1: Ball
1-1: Ball
2-1: Swinging Strike
2-2: Foul Ball, location: 2F
2-2: Foul Ball, location: 2F
2-2: Ball
3-2: Foul Ball, location: 2F
3-2: Base on Balls
Manuel Arguello scores
Andy Sheridan to third
Bernie Varela to second
Batting: RHB Chris Powell 0-0: Ball
1-0: Ball
2-0: Called Strike
2-1: Foul Ball, location: 2F
2-2: Ball
3-2: Base on Balls
Andy Sheridan scores
Bernie Varela to third
Adryão Anto to second
Batting: RHB Mike Trujillo 0-0: Ball
Wild Pitch!
Bernie Varela scores
Adryão Anto to third
Chris Powell to second
1-0: Called Strike
1-1: DOUBLE (Line Drive, 7LD, EV 110.6 MPH)
Adryão Anto scores
Chris Powell scores
Batting: RHB Dave Brabo 0-0: Ball
1-0: Ball
2-0: Foul Ball, location: 2F
2-1: Ball
3-1: Base on Balls
Batting: RHB Luke Stark 0-0: Ball
1-0: Foul Ball, location: 2F
1-1: Ball
2-1: Foul Ball, location: 2F
2-2: Ball
3-2: DOUBLE (Line Drive, 9LM, EV 104.4 MPH)
Mike Trujillo scores
Dave Brabo to third
Batting: RHB Brian Morrison 0-0: Ball
1-0: Ball
2-0: Ball
3-0: Base on Balls
Batting: LHB Manuel Arguello 0-0: Ball
1-0: Ball
2-0: Ball
3-0: Base on Balls
Dave Brabo scores
Luke Stark to third
Brian Morrison to second
Batting: RHB Andy Sheridan 0-0: Called Strike
0-1: Foul Ball, location: 2F
0-2: Strikes out swinging
Batting: RHB Bernie Varela 0-0: Swinging Strike
0-1: Foul Ball, location: 2F
0-2: Strikes out looking
Top of the 2nd over - 22 runs, 14 hits, 0 errors, 3 left on base; Hickory 22 - Lexington 0
BOTTOM OF THE 2ND
Lexington Legends batting - Pitching for Hickory Crawdads : RHP Manny Cabrera
Batting: LHB Robert Wilkins 0-0: Called Strike
0-1: Foul Ball, location: 2F
0-2: Strikes out looking
Batting: SHB Dan Langston 0-0: Called Strike
0-1: Called Strike
0-2: Ball
1-2: Foul Ball, location: 2F
1-2: Strikes out swinging
Batting: RHB Bryan Alfaro 0-0: Ball
1-0: Foul Ball, location: 2F
1-1: Fly out, F9 (Flyball, 89M, EV 92.5 MPH)
Bottom of the 2nd over - 0 runs, 0 hits, 0 errors, 0 left on base; Hickory 22 - Lexington 0
TOP OF THE 3RD
Hickory Crawdads batting - Pitching for Lexington Legends : RHP Ron Bubar
Batting: RHB Adryão Anto 0-0: SINGLE (Flyball, 3D, EV 90.0 MPH)
Batting: RHB Chris Powell 0-0: Called Strike
0-1: Foul Ball, location: 2F
0-2: Fly out, F8 (Flyball, 8RD, EV 98.8 MPH)
Batting: RHB Mike Trujillo 0-0: Fielders Choice at 2nd, 4-6 (Groundball, 4M, EV 100.0 MPH)
Batting: RHB Dave Brabo 0-0: Swinging Strike
0-1: Fly out, F8 (Flyball, 89D, EV 98.1 MPH)
Top of the 3rd over - 0 runs, 1 hit, 0 errors, 1 left on base; Hickory 22 - Lexington 0
BOTTOM OF THE 3RD
Lexington Legends batting - Pitching for Hickory Crawdads : RHP Manny Cabrera
Batting: LHB Brian Carlson 0-0: Called Strike
0-1: Foul Ball, location: 2F
0-2: Strikes out swinging
Batting: RHB Grant Conlon 0-0: Ball
1-0: Swinging Strike
1-1: Ball
2-1: Foul Ball, location: 2F
2-2: Ball
3-2: Fly out, F3 (Popup, 34S, EV 87.5 MPH)
Batting: RHB Kunimatsu Oya 0-0: Called Strike
0-1: Foul Ball, location: 2F
0-2: Foul Ball, location: 2F
0-2: Ball
1-2: Strikes out looking
Bottom of the 3rd over - 0 runs, 0 hits, 0 errors, 0 left on base; Hickory 22 - Lexington 0
TOP OF THE 4TH
Hickory Crawdads batting - Pitching for Lexington Legends : RHP Ron Bubar
Batting: RHB Luke Stark 0-0: Ball
1-0: Ball
2-0: Ball
3-0: Base on Balls
Batting: RHB Brian Morrison 0-0: Ball
1-0: Ball
Wild Pitch!
Luke Stark to second
2-0: Ball
3-0: Base on Balls
Batting: LHB Manuel Arguello 0-0: Ball
1-0: Ball
2-0: Called Strike
2-1: SINGLE (Groundball, 34D, EV 95.6 MPH)
Luke Stark to third
Brian Morrison to second
Batting: RHB Andy Sheridan 0-0: Ball
Wild Pitch!
Luke Stark scores
Brian Morrison to third
Manuel Arguello to second
1-0: Foul Ball, location: 2F
1-1: Hit by Pitch
Batting: RHB Bernie Varela 0-0: Called Strike
0-1: Ball
1-1: GRAND SLAM HOME RUN (Flyball, 9LD, EV 92.5 MPH), Distance : 344 ft
Batting: RHB Adryão Anto 0-0: Fly out, F8 (Flyball, 89M, EV 92.5 MPH)
Batting: RHB Chris Powell 0-0: Foul Ball, location: 2F
0-1: Ground out 1-3 (Groundball, 13S, EV 68.8 MPH)
Batting: RHB Mike Trujillo 0-0: Called Strike
0-1: SINGLE (Line Drive, 8RS, EV 108.8 MPH)
Batting: RHB Dave Brabo 0-0: Called Strike
0-1: 2-RUN HOME RUN (Flyball, 8RXD, EV 115.0 MPH), Distance : 436 ft
Batting: RHB Luke Stark 0-0: Ball
1-0: Ball
2-0: Fly out, F8 (Flyball, 8LD, EV 98.8 MPH)
Top of the 4th over - 7 runs, 4 hits, 0 errors, 0 left on base; Hickory 29 - Lexington 0
BOTTOM OF THE 4TH
Lexington Legends batting - Pitching for Hickory Crawdads : RHP Manny Cabrera
Batting: RHB Doug Carter 0-0: Called Strike
0-1: Foul Ball, location: 2F
0-2: Ball
1-2: Strikes out looking
Batting: RHB Andy Urquhart 0-0: Foul Ball, location: 2F
0-1: Ball
1-1: SINGLE (Groundball, 4MD, EV 106.9 MPH)
Batting: RHB Pete Deschamps 0-0: Foul Ball, location: 2F
0-1: Foul Ball, location: 2F
0-2: Strikes out looking
Batting: LHB Robert Wilkins 0-0: Called Strike
0-1: Called Strike
0-2: Foul Ball, location: 2F
0-2: SINGLE (Line Drive, 8RS, EV 100.0 MPH)
Andy Urquhart to second
Batting: SHB Dan Langston 0-0: Ball
1-0: Ball
2-0: Called Strike
2-1: Ball
3-1: Fly out, F3 (Flyball, 3D, EV 84.4 MPH)
Bottom of the 4th over - 0 runs, 2 hits, 0 errors, 2 left on base; Hickory 29 - Lexington 0
TOP OF THE 5TH
Hickory Crawdads batting - Pitching for Lexington Legends : RHP Ron Bubar
Batting: RHB Brian Morrison 0-0: Called Strike
0-1: Called Strike
0-2: Foul Ball, location: 2F
0-2: Ball
1-2: Ball
2-2: Ball
3-2: Foul Ball, location: 2F
3-2: Base on Balls
Batting: LHB Manuel Arguello 0-0: Fly out, F8 (Flyball, 8RM, EV 81.9 MPH)
Batting: RHB Andy Sheridan 0-0: Fly out, F8 (Line Drive, 8LD, EV 98.8 MPH)
Batting: RHB Bernie Varela 0-0: Ball
1-0: Ball
2-0: Ball
3-0: Base on Balls
Brian Morrison to second
Batting: RHB Adryão Anto 0-0: Ball
1-0: SINGLE (Groundball, 56S, EV 73.8 MPH) (infield hit)
Brian Morrison to third
Bernie Varela to second
Batting: RHB Chris Powell 0-0: Ball
Wild Pitch!
Brian Morrison scores
Bernie Varela to third
Adryão Anto to second
1-0: Fly out, F7 (Flyball, 78M, EV 92.5 MPH)
Top of the 5th over - 1 run, 1 hit, 0 errors, 2 left on base; Hickory 30 - Lexington 0
BOTTOM OF THE 5TH
Lexington Legends batting - Pitching for Hickory Crawdads : RHP Manny Cabrera
Batting: RHB Bryan Alfaro 0-0: Ball
1-0: Swinging Strike
1-1: Foul Ball, location: 2F
1-2: Strikes out swinging
Batting: LHB Brian Carlson 0-0: Foul Ball, location: 2F
0-1: Ball
1-1: Swinging Strike
1-2: Foul Ball, location: 2F
1-2: Ball
2-2: Foul Ball, location: 2F
2-2: Strikes out swinging
Batting: RHB Grant Conlon 0-0: Called Strike
0-1: Swinging Strike
0-2: Ball
1-2: Strikes out swinging
Bottom of the 5th over - 0 runs, 0 hits, 0 errors, 0 left on base; Hickory 30 - Lexington 0
TOP OF THE 6TH
Hickory Crawdads batting - Pitching for Lexington Legends : RHP Ron Bubar
Batting: RHB Mike Trujillo 0-0: Fly out, F8 (Flyball, 8RM, EV 90.0 MPH)
Batting: RHB Dave Brabo 0-0: Called Strike
0-1: Ground out 4-3 (Groundball, 4S, EV 65.6 MPH)
Batting: RHB Luke Stark 0-0: Called Strike
0-1: Fly out, F8 (Line Drive, 8RM, EV 95.0 MPH)
Top of the 6th over - 0 runs, 0 hits, 0 errors, 0 left on base; Hickory 30 - Lexington 0
BOTTOM OF THE 6TH
Lexington Legends batting - Pitching for Hickory Crawdads : RHP Manny Cabrera
Batting: RHB Kunimatsu Oya 0-0: Ball
1-0: Swinging Strike
1-1: Called Strike
1-2: Strikes out looking
Batting: RHB Doug Carter 0-0: Ground out 4-3 (Groundball, 4, EV 106.2 MPH)
Batting: RHB Andy Urquhart 0-0: Swinging Strike
0-1: Ball
1-1: Swinging Strike
1-2: Strikes out swinging
Bottom of the 6th over - 0 runs, 0 hits, 0 errors, 0 left on base; Hickory 30 - Lexington 0
TOP OF THE 7TH
Hickory Crawdads batting - Pitching for Lexington Legends : RHP Ron Bubar
Batting: RHB Brian Morrison 0-0: Fly out, F5 (Popup, 5SF, EV 72.5 MPH)
Batting: LHB Manuel Arguello 0-0: SOLO HOME RUN (Flyball, 89XD, EV 104.4 MPH), Distance : 401 ft
Batting: RHB Andy Sheridan 0-0: Foul Ball, location: 2F
0-1: Ball
1-1: Called Strike
1-2: Foul Ball, location: 2F
1-2: Ball
2-2: Ball
3-2: Base on Balls
Pinch Hitting: RHB Alex Vasquez 0-0: SINGLE (Line Drive, 78M, EV 96.9 MPH)
Andy Sheridan to second
Batting: RHB Adryão Anto 0-0: Fielders Choice at 2nd, 4-6 (Groundball, 4S, EV 86.9 MPH)
Andy Sheridan to third
Batting: RHB Chris Powell 0-0: Fielders Choice at 2nd, 6-4 (Groundball, 6, EV 103.8 MPH)
Top of the 7th over - 1 run, 2 hits, 0 errors, 2 left on base; Hickory 31 - Lexington 0
BOTTOM OF THE 7TH
Lexington Legends batting - Pitching for Hickory Crawdads : RHP Manny Cabrera
Now at 3B: Alex Vasquez
Batting: RHB Pete Deschamps 0-0: Swinging Strike
0-1: Foul Ball, location: 2F
0-2: Foul Ball, location: 2F
0-2: Ball
1-2: Foul Ball, location: 2F
1-2: Ball
2-2: Ball
3-2: Ground out 4-3 (Groundball, 4M, EV 101.2 MPH)
Batting: LHB Robert Wilkins 0-0: Swinging Strike
0-1: Ball
1-1: Swinging Strike
1-2: Strikes out swinging
Batting: SHB Dan Langston 0-0: Ground out U3 (Groundball, 3L, EV 89.4 MPH)
Bottom of the 7th over - 0 runs, 0 hits, 0 errors, 0 left on base; Hickory 31 - Lexington 0
TOP OF THE 8TH
Hickory Crawdads batting - Pitching for Lexington Legends : RHP Ron Bubar
Batting: RHB Mike Trujillo 0-0: Ball
1-0: Called Strike
1-1: Ball
2-1: Ball
3-1: Foul Ball, location: 2F
3-2: Base on Balls
Batting: RHB Dave Brabo 0-0: Ball
Wild Pitch!
Mike Trujillo to second
1-0: Ball
2-0: Swinging Strike
2-1: Ball
3-1: Base on Balls
Batting: RHB Luke Stark 0-0: Fielders Choice at 2nd, 3-6 (Groundball, 34S, EV 81.9 MPH)
Mike Trujillo to third
Batting: RHB Brian Morrison 0-0: Ball
1-0: DOUBLE (Line Drive, 7LS, EV 113.8 MPH)
Mike Trujillo scores
Luke Stark to third
Batting: LHB Manuel Arguello 0-0: Ball
1-0: Ball
2-0: Called Strike
2-1: Ball
3-1: Base on Balls
Batting: RHB Andy Sheridan 0-0: Fly out, F7 (Flyball, 7, EV 87.5 MPH)
Runner from 3rd tags up, SCORES, throw by LF
Batting: RHB Alex Vasquez 0-0: Fly out, F8 (Flyball, 8RS, EV 83.1 MPH)
Top of the 8th over - 2 runs, 1 hit, 0 errors, 2 left on base; Hickory 33 - Lexington 0
BOTTOM OF THE 8TH
Lexington Legends batting - Pitching for Hickory Crawdads : RHP Manny Cabrera
Batting: RHB Bryan Alfaro 0-0: Foul Ball, location: 2F
0-1: Ball
1-1: Foul Ball, location: 2F
1-2: Ground out U3 (Groundball, 34, EV 85.6 MPH)
Batting: LHB Brian Carlson 0-0: Called Strike
0-1: Ball
1-1: Ball
2-1: Ground out U3 (Groundball, 3, EV 90.0 MPH)
Batting: RHB Grant Conlon 0-0: Ball
1-0: Swinging Strike
1-1: Swinging Strike
1-2: DOUBLE (Line Drive, 89M, EV 90.6 MPH)
Batting: RHB Kunimatsu Oya 0-0: Ball
1-0: Foul Ball, location: 2F
1-1: Foul Ball, location: 2F
1-2: Strikes out swinging
Bottom of the 8th over - 0 runs, 1 hit, 0 errors, 1 left on base; Hickory 33 - Lexington 0
TOP OF THE 9TH
Hickory Crawdads batting - Pitching for Lexington Legends : RHP Ron Bubar
Batting: RHB Adryão Anto 0-0: Called Strike
0-1: Foul Ball, location: 2F
0-2: Ground out 4-3 (Groundball, 34, EV 86.9 MPH)
Batting: RHB Chris Powell 0-0: Ball
1-0: Called Strike
1-1: Foul Ball, location: 2F
1-2: Ball
2-2: Foul Ball, location: 2F
2-2: Ball
3-2: Base on Balls
Batting: RHB Mike Trujillo 0-0: Grounds into double play, 5-4-3 (Groundball, 56S, EV 90.0 MPH)
Top of the 9th over - 0 runs, 0 hits, 0 errors, 0 left on base; Hickory 33 - Lexington 0
BOTTOM OF THE 9TH
Lexington Legends batting - Pitching for Hickory Crawdads : RHP Manny Cabrera
Batting: RHB Doug Carter 0-0: Swinging Strike
0-1: Called Strike
0-2: Ball
1-2: Foul Ball, location: 2F
1-2: Strikes out swinging
Batting: RHB Andy Urquhart 0-0: Ball
1-0: Ball
2-0: Ball
3-0: Called Strike
3-1: Foul Ball, location: 2F
3-2: SINGLE (Line Drive, 56D, EV 103.1 MPH)
Pitching: RHP Ryusuke Yamamoto
Batting: RHB Pete Deschamps 0-0: Grounds into double play, 6-4-3 (Groundball, 6, EV 88.1 MPH)
Bottom of the 9th over - 0 runs, 1 hit, 0 errors, 0 left on base; Hickory 33 - Lexington 0
Wednesday, June 22nd , 2022 - OOTP Baseball 23.4 Build 64